 Dungeon Crawl Stone Soup version 0.27-a0-668-gb5737ff2c0 (webtiles) character file.

Game seed: 17580054246659280807

128 robertstho the Shooter (level 4, -11/38 HPs)
             Began as a Minotaur Hunter on Mar 17, 2021.
             Mangled by an ice beast (14 damage)
             ... on level 2 of the Dungeon.
             The game lasted 00:02:49 (1545 turns).

robertstho the Shooter (Minotaur Hunter)            Turns: 1545, Time: 00:02:49

Health: -11/38     AC:  6    Str: 17    XL:     4   Next: 86%
Magic:  3/3        EV: 11    Int:  8    God:
Gold:   27         SH:  0    Dex: 11    Spells: 3/3 levels left

rFire    . . .     SeeInvis .   a - +1 shortbow
rCold    . . .     Faith    .   (shield currently unavailable)
rNeg     . . .     Spirit   .   g - +0 ring mail
rPois    .         Reflect  .   (helmet restricted)
rElec    .         Harm     .   (no cloak)
rCorr    .         Rampage  .   i - +0 pair of gloves
Will     .....                  (no boots)
Stlth    ..........             (no amulet)
HPRegen  0.12/turn              (no ring)
MPRegen  0.08/turn              (no ring)

@: confused, lethally poisoned (-11 -> -13), ambrosia-drunk
A: horns 2, retaliatory headbutt
a: no special abilities


You were on level 2 of the Dungeon.
You visited 1 branch of the dungeon, and saw 2 of its levels.

You collected 27 gold pieces.

Inventory:

Hand Weapons
 a - a +1 shortbow (weapon)
 b - a +0 short sword
Missiles
 d - 34 arrows (quivered ammo)
Armour
 g - a +0 ring mail (worn)
 i - a +0 pair of gloves (worn)
Scrolls
 c - a scroll of identify {unknown}
 e - a scroll of teleportation {unknown}
 h - a scroll of fog {unknown}


   Skills:
 * Level 3.4 Fighting
 * Level 6.4 Bows
 + Level 0.6 Armour
 + Level 2.2 Dodging
 - Level 0.7 Stealth


You had 3 spell levels left.
You didn't know any spells.
Your spell library was empty.

Dungeon Overview and Level Annotations

Branches:
Dungeon (2/15)

Altars:
Makhleb

Shops:
D:1 *


Innate Abilities, Weirdness & Mutations

You have a pair of horns on your head.
You reflexively headbutt those who attack you in melee.


Message History

You are poisoned.
The adder poisons you! The adder bites you.
You shoot an arrow. The arrow hits the adder.
The adder is heavily wounded.
You feel sick. The adder closely misses you.
The ice beast hits you but does no damage.
You shoot an arrow. The arrow misses the adder.
The adder misses you.
The ice beast hits you but does no damage.
You shoot an arrow. The arrow closely misses the adder.
You feel sick. The adder bites you.
You shoot an arrow. The arrow hits the adder!
You kill the adder!
The ice beast hits you but does no damage.
You feel sick.
You shoot an arrow. The arrow hits the ice beast!
The ice beast is moderately wounded.
The ice beast hits you but does no damage.
You shoot an arrow. The arrow hits the ice beast.
The ice beast is moderately wounded.
You feel sick.
The ice beast hits you but does no damage.
You shoot an arrow.
The arrow hits the ice beast but does no damage.
The ice beast is moderately wounded.
The ice beast hits you. The ice beast freezes you!
You are too injured to fight recklessly!
You are too injured to fight recklessly!
You are too injured to fight recklessly!
Fire: 35 arrows
Press: ? - help, Q - select action Shift-Dir - straight line, f/p - ice beast
Aim: an ice beast (moderately wounded, 62% to hit)
You shoot an arrow. The arrow closely misses the ice beast.
The ice beast hits you. The ice beast freezes you!
* * * LOW HITPOINT WARNING * * *
It was a potion of ambrosia.
You are confused.
You feel invigorated. The ice beast hits you.
* * * LOW HITPOINT WARNING * * *
The ice beast freezes you!
You die...

#......^..#
...........##
#.........#
...####......
#.........#
#.# #.##...
#.........#
##. #.#....
#......)..# ..
#.#....
#.........#
#.# #.#....
#.........#
..# .#.#....
#.........##.#
.........
#...(.....Y@.#
..####...
#####.###.####
##.. #(.(...#
###
...........#
(.....(.....#
(...........#
.......>?...#
............#
<..(........#


You could see an ice beast.

Vanquished Creatures
  A hound (D:2)
  3 adders (D:2)
  4 oozes
  A worm (D:2)
  2 dart slugs
  A leopard gecko (D:1)
  2 giant cockroaches (D:1)
  5 goblins (D:1)
  6 hobgoblins
  2 quokkas
  A ball python (D:1)
  4 bats
  4 frilled lizards
  9 kobolds
  3 rats (D:1)
48 creatures vanquished.

Notes
Turn   | Place    | Note
-------+----------+-------------------------------------------
     0 | D:1      | robertstho the Minotaur Hunter began the quest for the Orb.
     0 | D:1      | Reached XP level 1. HP: 18/18 MP: 0/0
    84 | D:1      | Found Uggimuose's Assorted Antiques.
    93 | D:1      | Reached XP level 2. HP: 18/25 MP: 1/1
   280 | D:1      | Reached skill level 5 in Bows
   410 | D:1      | Reached XP level 3. HP: 30/30 MP: 2/2
  1230 | D:2      | Reached XP level 4. HP: 37/37 MP: 3/3
  1288 | D:2      | Found a burning altar of Makhleb.
  1298 | D:2      | Reached skill level 6 in Bows
  1528 | D:2      | Noticed an ice beast
  1544 | D:2      | HP: 1/38 [ice beast (12)]
  1545 | D:2      | Mangled by an ice beast

Illustrated notes

Levels and vault maps discovered:
D:1:      shiori_arrival_oz, layout_loops_ring, serial_shops,
          nicolae_shop_statue_plus, minmay_pentomino_r2
D:2:      kennysheep_big_flooded_room, layout_rooms,
          makhleb_blood_cavern_becter, wad_floor_pattern_untrapped,
          kennysheep_generic_room_8

Skill      XL: |  1  2  3  4 |
---------------+-------------+-----
Bows           | 5 6 |  6.4
Fighting       | 3 |  3.4
Armour         | |  0.6
Dodging        | |  2.2
Stealth        | |  0.7

Action                   |  1- 3 |  4- 6 || total
-------------------------+-------+-------++-------
 Fire: Shortbow          |    95 |    46 ||   141
  Use: Potion            |       |     1 ||     1
Armor: Ring mail         |    10 |     9 ||    19
Dodge: Dodged            |    16 |    11 ||    27

Table legend: (Time is in decaauts)
 A = Elapsed time spent in this place.
 B = Non-inter-level travel time spent in this place.
 C = Inter-level travel time spent in this place.
 D = Time resting spent in this place.
 E = Time spent auto-exploring this place.
 F = Levels seen in this place.
 G = Mean time per level.
                   A        B        C        D        E       F      G
               +--------+--------+--------+--------+--------+-----+--------+
         Total |   1547 |   1528 |     19 |      0 |   1250 |   2 |  773.5 |
       Dungeon |   1547 |   1528 |     19 |      0 |   1250 |   2 |  773.5 |
               +--------+--------+--------+--------+--------+-----+--------+

Top non-repeatable levels by time:
     D:1: 886 daAuts
     D:2: 661 daAuts
